 Dungeon Crawl Stone Soup version 0.19-a0-1008-g4c63d25 (webtiles) character file.

19030 nubinia the Destroyer (level 12, -20/75 HPs)
             Began as a High Elf Conjurer on July 22, 2016.
             Was a High Priest of Sif Muna.
             Demolished by a spiny frog (26 damage)
             ... on level 2 of the Lair of Beasts.
             The game lasted 01:09:21 (16012 turns).

nubinia the Destroyer (High Elf Conjurer)          Turns: 16012, Time: 01:09:22

Health: -20/75     AC: 10    Str:  6 (7)  XL:     12   Next: 32%
Magic:  6/29       EV: 15    Int: 21 (22) God:    Sif Muna [*****.]
Gold:   739        SH:  4    Dex: 18 (19) Spells: 4 memorised, 22 levels left

rFire  . . .     SeeInvis +     a - +2 dagger (protect)
rCold  . . .     Gourm    .     k - +0 robe {Archmagi}
rNeg   + . .     Faith    .     (no shield)
rPois  .         Spirit   .     s - +0 hat
rElec  .         Dismiss  .     o - +0 cloak
rCorr  .         Reflect  +     f - +1 pair of gloves
SustAt .         Harm     .     (no boots)
MR     +....                    h - +4 amulet of reflection
Stlth  ++++......               N - ring of positive energy
                                i - ring of see invisible

@: lethally poisoned (-20 -> -28), divine energy, somewhat resistant to hostile
enchantments, stealthy
A: blink, mutation resistance 1, robust 1
a: Blink, Stop Divine Energy, Channel Magic, Forget Spell, Renounce Religion


You were on level 2 of the Lair of Beasts.
You worshipped Sif Muna.
Sif Muna was extremely pleased with you.
You were hungry.

You visited 2 branches of the dungeon, and saw 12 of its levels.

You collected 739 gold pieces.

Inventory:

Hand Weapons
 a - a +2 dagger of protection (weapon)
 e - a +1 dagger
 y - a +0 short sword of draining
 D - a +0 shortbow
Missiles
 u - 212 arrows
Armour
 f - a +1 pair of gloves (worn)
 k - a +0 robe of the Archmagi (worn)
 m - a +0 robe
 n - the +2 leather armour of Distant Worlds {+Inv}
   (You found it on level 3 of the Lair of Beasts)

   It lets you turn invisible.
 o - a +0 cloak (worn)
 s - a +0 hat (worn)
 z - the cursed +0 leather armour "Eceosh" {rF- MR+++ Regen+ Int-3}
   (You found it on level 9 of the Dungeon)

   It affects your intelligence (-3).
   It makes you vulnerable to fire.
   It affects your resistance to hostile enchantments.
   It increases your rate of regeneration.
   It has a curse placed upon it.
Jewellery
 h - a +4 amulet of reflection (around neck)
 i - a ring of see invisible (left hand)
 w - an uncursed ring of resist corrosion
 K - an uncursed ring of protection from cold
 N - a ring of positive energy (right hand)
Wands
 B - a wand of disintegration (8/24)
 I - a wand of polymorph (12/24)
 L - a wand of digging (11/24)
 M - a wand of lightning (6/15)
 P - a wand of slowing (9/48)
 Q - a wand of teleportation (6/9)
Scrolls
 d - 3 scrolls of magic mapping
 p - 6 scrolls of remove curse
 t - 3 scrolls of teleportation
 A - a scroll of blinking
 C - 4 scrolls of summoning
 O - a scroll of recharging
Potions
 g - a potion of curing
 l - 3 potions of brilliance
 q - a potion of might
 x - 2 potions of haste
 E - a potion of cure mutation
 H - a potion of flight {unknown}
 R - a potion of ambrosia {unknown}
 S - a potion of cancellation {unknown}
Books
 b - a book of Conjurations

   Spells                             Type                      Level
   a - Magic Dart                     Conjuration                  1
   b - Searing Ray                    Conjuration                  2
   c - Dazzling Spray                 Conjuration/Hexes            3
   d - Fulminant Prism                Conjuration/Hexes            4
   e - Iskenderun's Mystic Blast      Conjuration                  4
   f - Iskenderun's Battlesphere      Conjuration/Charms           5
 v - Sif Muna's Almanac of Talismans and Sinister Magic
   (Sif Muna gifted it to you on level 8 of the Dungeon)

   Spells                             Type                      Level
   a - Spectral Weapon                Hexes/Charms                 3
   b - Animate Dead                   Necromancy                   4
   c - Iskenderun's Battlesphere      Conjuration/Charms           5
   d - Haste                          Charms                       6
 J - a book of Alchemy

   Spells                             Type                      Level
   a - Sublimation of Blood           Necromancy                   2
   b - Ignite Poison                  Fire/Transmutation/Poison    3
   c - Petrify                        Transmutation/Earth          4
   d - Alistair's Intoxication        Transmutation/Poison         5
   e - Irradiate                      Conjuration/Transmutation    5
Comestibles
 c - 5 bread rations
 j - 10 meat rations
 r - 14 fruits
 F - 6 beef jerkies
 G - 5 chunks of flesh


   Skills:
 + Level 1.3 Fighting
 + Level 1.6 Short Blades
 + Level 4.9 Dodging
 + Level 7.3 Stealth
 + Level 12.2 Spellcasting
 + Level 12.6 Conjurations
 + Level 7.5 Hexes
 + Level 10.7 Charms
 + Level 0.4 Invocations


You had 22 spell levels left.
You knew the following spells:

 Your Spells              Type           Power        Failure   Level  Hunger
a - Magic Dart            Conj           ####         1%          1    None
b - Dazzling Spray        Conj/Hex       ######       1%          3    None
c - Iskenderun's Mystic   Conj           #######.     1%          4    None
i - Iskenderun's Battles  Conj/Chrm      #######.     1%          5    ####...


Dungeon Overview and Level Annotations

Branches:
Dungeon (9/15)             Temple (0/1) D:4            Lair (3/6) D:9
 Spider (0/4) Lair:2          Orc (0/2) D:9
  Swamp: Lair:2-4    Shoals: Lair:2-4

Altars:
Cheibriados
Dithmenos
Elyvilon
Fedhas
Gozag
Hepliaklqana
Makhleb
Qazlal
Ru
Sif Muna
Trog
Uskayaw
Vehumet
Yredelemnul
Zin

Annotations:
D:2 Terence
D:6 Pikel


Innate Abilities, Weirdness & Mutations

You can translocate small distances at will.
You are somewhat resistant to further mutation.
You are robust. (+10% HP)


Message History

You feel sick.
There is a stone staircase leading down here.
You feel better. The spiny frog stings you!!
* * * LOW HITPOINT WARNING * * *
You are lethally poisoned!
The spiny frog poisons you!
Unknown command.
Unknown command.
Unknown command.
Casting: Dazzling Spray
Confirm with . or Enter, or press ? or * to list all spells.
Aiming: Dazzling Spray
Press: ? - help, Shift-Dir - straight line, f - spiny frog
Aim: a spiny frog (heavily wounded)
You feel a surge of power!
The spray of energy hits the spiny frog.
The spiny frog is severely wounded.
* * * LOW HITPOINT WARNING * * *
You feel sick. The spiny frog stings you!!
You die...

♣≈P≈..≈≈≈♣♣.#.##..###[..###......
≈≈≈...≈≈≈≈♣♣........#.⌠....##..##
P≈≈≈...≈≈≈♣♣........#'#....P#....
≈≈≈≈...≈≈≈♣♣#.##......#.......♣P.
≈≈≈≈...≈≈≈♣ #####.####.#...##.≈♣≈
≈≈≈≈....≈≈♣♣♣##P..## ####..#.♣♣≈♣
≈≈≈P...≈≈≈♣.......P###.P......♣≈.
≈≈≈≈...≈≈♣♣......................
≈≈≈≈≈...P♣......@..............[.
≈PP≈≈...≈..######F...............
≈≈≈≈≈.....## ##................
≈≈≈≈P....## #.................
♣PP≈♣#.P## ##................
♣≈PP♣#### #................
≈♣≈≈## ##................ ##≈#≈#
#................. ###≈##
##................


You could see a spiny frog.

Vanquished Creatures
  The ghost of FrancescoMac the Carver, a journeyman MiGl of Uskayaw (Lair:2)
  A death yak (Lair:3)
  Psyche (D:8)
  The ghost of mistymad the Thaumaturge, a novice DECj of Vehumet (D:7)
  A black mamba (Lair:2)
  A rime drake (Lair:2)
  2 spiny frogs
  2 komodo dragons
  15 blink frogs
  2 redbacks (Lair:1)
  16 yaks
  3 wyverns
  6 hippogriffs
  Duvessa (D:5)
  9 water moccasins
  4 porcupines
  4 ice beasts
  An orc warrior (D:8)
  A phantom (D:6)
  9 wolves
  2 centaurs
  7 ogres
  2 crocodiles
  6 giant frogs
  5 scorpions
  Dowan (D:5)
  5 wights (D:8)
  A crimson imp (D:8)
  2 centaur zombies (D:9)
  A giant frog zombie (D:9)
  3 jellies
  2 hounds
  5 orc priests
  A centaur skeleton (D:6)
  A gnoll shaman (D:5)
  Jessica (D:2)
  8 iguanas
  4 orc wizards
  8 worker ants
  A statue (D:8)
  7 sheep
  5 gnolls (D:5)
  8 adders
  A howler monkey skeleton (D:5)
  7 river rats (Lair:3)
  2 shadow imps
  An ooze (D:4)
  3 worms
  A dart slug (D:2)
  4 giant geckos
  42 orcs
  7 giant cockroaches
  13 goblins
  9 hobgoblins
  8 jackals
  3 quokkas
  13 bats
  7 giant newts
  7 kobolds
  12 rats
  A spectral orc (D:6)
  A plant (Lair:2)
309 creatures vanquished.

Vanquished Creatures (others)
  A fulminant prism (D:7)
  A fungus (Lair:2)
  4 plants (Lair:2)
6 creatures vanquished.

Grand Total: 315 creatures vanquished

Notes
Turn   | Place    | Note
-------+----------+-------------------------------------------
     0 | D:1      | nubinia the High Elf Conjurer began the quest for the Orb.
     0 | D:1      | Reached XP level 1. HP: 11/11 MP: 4/4
   218 | D:1      | Reached XP level 2. HP: 17/17 MP: 3/6
   419 | D:1      | Reached skill level 5 in Conjurations
   910 | D:1      | Reached XP level 3. HP: 21/21 MP: 4/8
   915 | D:1      | Learned a level 3 spell: Dazzling Spray
  1466 | D:2      | Noticed Jessica
  1482 | D:2      | Killed Jessica
  1604 | D:2      | Reached XP level 4. HP: 27/27 MP: 6/9
  1751 | D:2      | Learned a level 4 spell: Iskenderun's Mystic Blast
  1988 | D:2      | Found a snail-covered altar of Cheibriados.
  2171 | D:2      | Found a deep blue altar of Sif Muna.
  2185 | D:2      | Became a worshipper of Sif Muna the Loreminder
  2724 | D:3      | Noticed Terence
  2733 | D:3      | Reached XP level 5. HP: 31/31 MP: 8/11
  2955 | D:3      | Found a bloodstained altar of Trog.
  3406 | D:3      | Found a sacrificial altar of Ru.
  3616 | D:3      | Found a glowing silver altar of Zin.
  3703 | D:4      | Found a white marble altar of Elyvilon.
  4365 | D:4      | Reached * piety under Sif Muna
  4454 | D:4      | Reached XP level 6. HP: 36/36 MP: 3/14
  4461 | D:4      | Learned a level 5 spell: Iskenderun's Battlesphere
  4570 | D:4      | Found a staircase to the Ecumenical Temple.
  4671 | D:4      | Reached skill level 1 in Charms
  5446 | D:5      | Entered Level 5 of the Dungeon
  5597 | D:5      | Reached XP level 7. HP: 41/41 MP: 8/15
  5752 | D:5      | Noticed Dowan
  5838 | D:5      | Found a hide-covered altar of Uskayaw.
  5926 | D:5      | Reached skill level 5 in Charms
  6275 | D:5      | Noticed Duvessa
  6282 | D:5      | Killed Dowan
  6456 | D:5      | Killed Duvessa
  6630 | D:6      | Reached skill level 5 in Spellcasting
  6711 | D:6      | Found a shadowy altar of Dithmenos.
  6741 | D:6      | Reached skill level 1 in Hexes
  7034 | D:6      | Reached XP level 8. HP: 46/46 MP: 12/17
  7103 | D:6      | Noticed Pikel
  7374 | D:6      | Found a stormy altar of Qazlal.
  7632 | D:6      | Found a basalt altar of Yredelemnul.
  7749 | D:6      | Found an opulent altar of Gozag.
  7819 | D:6      | Found a deep blue altar of Sif Muna.
  7917 | D:7      | Noticed mistymad's ghost (novice DECj)
  7928 | D:7      | Killed mistymad's ghost
  7928 | D:7      | Reached ** piety under Sif Muna
  7983 | D:7      | Reached skill level 5 in Stealth
  9115 | D:8      | Reached XP level 9. HP: 52/52 MP: 19/19
  9283 | D:8      | Noticed Psyche
  9299 | D:8      | Killed Psyche
  9299 | D:8      | Reached skill level 1 in Short Blades
  9750 | D:8      | Found a radiant altar of Vehumet.
  9992 | D:8      | Reached *** piety under Sif Muna
 10114 | D:8      | Reached **** piety under Sif Muna
 10114 | D:8      | Reached skill level 10 in Conjurations
 10114 | D:8      | Reached XP level 10. HP: 57/57 MP: 20/24
 10115 | D:8      | Gained mutation: You are robust. (+10% HP) [potion of mutation]
 10115 | D:8      | Gained mutation: You can translocate small distances at will. [potion of mutation]
 10115 | D:8      | Gained mutation: You are somewhat resistant to further mutation. [potion of mutation]
 10185 | D:8      | Reached ***** piety under Sif Muna
 10337 | D:8      | Received a gift from Sif Muna
 10338 | D:8      | Identified Sif Muna's Almanac of Talismans and Sinister Magic (Sif Muna gifted it to you on level 8 of the Dungeon)
 10900 | D:9      | Identified the cursed +0 leather armour "Eceosh" {rF- MR+++ Regen+ Int-3} (You found it on level 9 of the Dungeon)
 10935 | D:9      | Found a radiant altar of Vehumet.
 11004 | D:9      | Found a blossoming altar of Fedhas.
 11070 | D:9      | Found a shadowy altar of Dithmenos.
 11284 | D:9      | Found a staircase to the Orcish Mines.
 11434 | D:9      | Found a staircase to the Lair.
 11702 | Lair:1   | Entered Level 1 of the Lair of Beasts
 11756 | Lair:1   | Reached skill level 10 in Charms
 11829 | Lair:1   | Reached XP level 11. HP: 68/68 MP: 17/25
 11983 | Lair:1   | Reached skill level 10 in Spellcasting
 12733 | Lair:1   | Found a burning altar of Makhleb.
 13204 | Lair:2   | Noticed FrancescoMac's ghost (journeyman MiGl)
 13571 | Lair:2   | Received a gift from Sif Muna
 14118 | Lair:1   | Reached skill level 1 in Fighting
 14464 | Lair:2   | Found a hole to the Spider Nest.
 14496 | Lair:2   | Killed FrancescoMac's ghost
 14496 | Lair:2   | Reached XP level 12. HP: 74/74 MP: 14/28
 15606 | Lair:3   | Noticed a death yak
 15769 | Lair:3   | Got a steaming leather armour
 15770 | Lair:3   | Identified the +2 leather armour of Distant Worlds {+Inv} (You found it on level 3 of the Lair of Beasts)
 15875 | Lair:3   | Found a hazy altar of Hepliaklqana.
 15943 | Lair:3   | Noticed a death yak
 15943 | Lair:3   | Noticed a death yak
 15978 | Lair:3   | Killed a death yak
 16012 | Lair:2   | Demolished by a spiny frog

Vault maps used:
D:1:      matt_arrival_spirals, nrook_loot_triangle, hangedman_decor_push
D:2:      lemuel_crystal_altar, kennysheep_slug_shrine, uniq_jessica
D:3:      nicolae_overflow_crystal_walls, overflow_temple_1_default,
          first_bread, bloody_trog, uniq_terence
D:4:      elyvilon_altar_1, serial_corexii_hall, corexii_hall_statues_s,
          corexii_hall_statues_t
D:5:      eat_drink_and_be_merry_uskayaw, uniq_duvessa
D:6:      yredelemnul_forgotten_temple_becter, overflow_temple_1_default,
          nicolae_gozag_seed_capital, basic_altar, lemuel_blue_sif_altar,
          uniq_pikel
D:8:      vehumet_statue, grunt_ministairs_3, uniq_psyche
D:9:      nicolae_dithmenos_the_darkroom, fedhas_altar_2, lair_0_dummy,
          basic_altar
Lair:1:   basic_altar, grunt_megastairs_2, lemuel_fruit_fields,
          infiniplex_staircase_pool_2
Lair:2:   spider_nest_entry_webs, serial_bayou, serial_bayou_shore_a,
          serial_bayou_ford_a, serial_bayou_pond_d, serial_bayou_lagoon_a,
          infiniplex_staircase_pool, grunt_megastairs_5
Lair:3:   basic_altar

Skill      XL: |  1  2  3  4  5  6  7  8  9 10 11 12 |
---------------+-------------------------------------+-----
Conjurations   | 5 6 8 10 12 | 12.6
Spellcasting   | 3 4 5 6 9 11 12 | 12.2
Stealth        | 3 4 5 6 7 |  7.3
Charms         | 4 6 7 9 10 | 10.7
Hexes          | 1 6 7 |  7.5
Dodging        | 3 4 |  4.9
Short Blades   | 1 |  1.6
Fighting       | 1 |  1.3
Invocations    | |  0.4

Action                   |  1- 3 |  4- 6 |  7- 9 | 10-12 || total
-------------------------+-------+-------+-------+-------++-------
Melee: Unarmed           |     1 |       |       |       ||     1
       Dagger            |    13 |    62 |    40 |    39 ||   154
 Cast: Magic Dart        |    77 |   144 |   124 |   151 ||   496
       Dazzling Spray    |       |    27 |    37 |    94 ||   158
       Iskenderun's Batt |       |       |    17 |    68 ||    85
       Iskenderun's Myst |       |       |       |     5 ||     5
Invok: Divine Energy     |       |     1 |       |       ||     1
       Channel Magic     |       |       |       |     1 ||     1
  Use: Scroll            |     5 |     9 |     6 |     6 ||    26
       Potion            |       |       |     2 |     6 ||     8
 Stab: Sleeping          |     1 |     3 |     8 |     3 ||    15
       Distracted        |       |     1 |       |     1 ||     2
       Invisible         |       |     8 |     5 |     5 ||    18
  Eat: Chunk             |     2 |    14 |    18 |    25 ||    59
       Pizza             |       |       |     1 |     2 ||     3
       Royal jelly       |       |       |       |     1 ||     1
Armor: Robe              |     1 |    16 |    12 |    19 ||    48
Dodge: Dodged            |     9 |    55 |    26 |    49 ||   139
Block: Other             |       |       |       |     6 ||     6
